 Dungeon Crawl Stone Soup version 0.17-a0-1718-g72dbe4d (webtiles) character file.

494 urechis the Skirmisher (level 6, -4/51 HPs)
             Began as a Demonspawn Abyssal Knight on Aug 24, 2015.
             Was a Priest of Lugonu.
             Slain by an ice beast (12 damage)
             ... on level 5 of the Dungeon.
             The game lasted 00:07:59 (3387 turns).

urechis the Skirmisher (Demonspawn Abyssal Knight)  Turns: 3387, Time: 00:08:00

Health: -4/51      AC:  7    Str: 13    XL:     6   Next: 92%
Magic:  0/7        EV: 11    Int: 14    God:    Lugonu [***...]
Gold:   200        SH:  0    Dex: 13    Spells: 0 memorised, 5 levels left

rFire  . . .     SeeInvis .     s - +2 dagger (venom)
rCold  . . .     Clarity  .     b - +0 leather armour
rNeg   . . .     SustAt   .     (no shield)
rPois  +         Gourm    .     (no helmet)
rElec  .         Spirit   +     (no cloak)
rCorr  .         Warding  .     (no gloves)
rMut   .         Stasis   .     (no boots)
MR     .....                    l - amulet of regeneration
Stlth  +++.......               v - ring of poison resistance
                                h - +4 ring of protection

@: not resistant to hostile enchantments, fairly stealthy
A: talons 1, nightstalker 1, magic shield
a: Depart the Abyss, Bend Space, Banish, Renounce Religion


You were on level 5 of the Dungeon.
You worshipped Lugonu.
Lugonu was most pleased with you.
You were hungry.

You visited 1 branch of the dungeon, and saw 5 of its levels.
You visited the Abyss 1 time.

You collected 200 gold pieces.

Inventory:

Hand weapons
 a - a +1 falchion
 s - a +2 dagger of venom (weapon)
Armour
 b - a +0 leather armour (worn)
Jewellery
 h - a +4 ring of protection (left hand)
 l - an amulet of regeneration (around neck)
 u - an uncursed amulet of clarity
 v - a ring of poison resistance (right hand)
Scrolls
 e - a scroll of magic mapping
 g - 3 scrolls of blinking
 j - a scroll of fear {unknown}
 w - 2 scrolls of teleportation
 x - 2 scrolls of remove curse
Potions
 i - a potion of cure mutation {unknown}
 k - a potion of agility {unknown}
 p - a potion of flight {unknown}
 r - a potion of curing
 t - a potion of heal wounds {unknown}
Books
 f - a book of Necromancy

   Spells                             Type                      Level
   a - Pain                           Necromancy                   1
   b - Animate Skeleton               Necromancy                   1
   c - Vampiric Draining              Necromancy                   3
   d - Regeneration                   Charms/Necromancy            3
   e - Animate Dead                   Necromancy                   4
   f - Control Undead                 Necromancy                   4
Comestibles
 c - 4 bread rations
 d - 2 beef jerkies
 m - a slice of pizza
 n - a fruit
 o - 2 royal jellies
 q - a meat ration


   Skills:
 - Level 5.1 Fighting
 + Level 3.6(3.9) Short Blades
 - Level 1.7(3.0) Long Blades
 - Level 1.7 Armour
 - Level 0.8 Dodging
 + Level 3.8 Stealth
 - Level 2.4 Invocations


You had 5 spell levels left.
You didn't know any spells.

Dungeon Overview and Level Annotations

Branches:
Dungeon (5/15)
 Temple: D:4-7

Altars:
Ashenzari
Nemelex Xobeh

Shops:
D:4 %


Innate Abilities, Weirdness & Mutations

You have sharp toenails.
You are slightly more attuned to the shadows.
When hurt, damage is shared between your health and your magic reserves.


Message History

The ice beast is almost dead.
The ice beast hits you.
* * * LOW HITPOINT WARNING * * *
The ice beast freezes you!
* * * LOW HITPOINT WARNING * * *
You barely miss the ice beast. Your kick misses the ice beast.
The ice beast is almost dead.
The ice beast hits you.
* * * LOW HITPOINT WARNING * * *
The ice beast freezes you.
* * * LOW HITPOINT WARNING * * *
You barely miss the ice beast.
The ice beast is almost dead.
You completely miss the ice beast.
You claw the ice beast, but do no damage.
The ice beast is almost dead.
The ice beast hits you.
* * * LOW HITPOINT WARNING * * *
The ice beast freezes you!
You die...

#.# #.# ..# #.#
#######+#..# #.#
.%........!# #.#
...........# #.#
...........# #.#
...........# #.#
.....?.Y@..#####.#
#######+#....._..#
#.######## #..
####


You could see an ice beast.

Vanquished Creatures
  A sky beast (D:5)
  A scorpion (D:4)
  2 orc priests
  A centaur skeleton (D:4)
  4 orc wizards
  Natasha (thrice) (D:3)
  5 adders
  An ooze (D:3)
  3 giant geckos
  11 orcs
  A ball python (D:4)
  8 giant cockroaches
  2 goblins
  8 hobgoblins
  4 jackals
  7 kobolds
  10 bats
  14 giant newts
  3 rats
89 creatures vanquished.

Notes
Turn   | Place    | Note
--------------------------------------------------------------
     0 | Abyss:1  | urechis the Demonspawn Abyssal Knight began the quest for the Orb.
     0 | Abyss:1  | Reached XP level 1. HP: 18/18 MP: 2/2
    12 | D:1      | Escaped the Abyss
    46 | D:1      | Gained mutation: When hurt, damage is shared between your health and your magic reserves. [demonic ancestry]
    46 | D:1      | Reached XP level 2. HP: 13/24 MP: 3/3
   355 | D:1      | Acquired Lugonu's second power
   357 | D:1      | Reached skill level 4 in Fighting
   489 | D:1      | Reached XP level 3. HP: 30/30 MP: 4/4
   963 | D:3      | Found a shattered altar of Ashenzari.
  1062 | D:3      | Noticed Natasha
  1080 | D:3      | Killed Natasha
  1080 | D:3      | Reached skill level 5 in Fighting
  1080 | D:3      | Gained mutation: You are slightly more attuned to the shadows. [demonic ancestry]
  1080 | D:3      | Reached XP level 4. HP: 15/39 MP: 1/5
  1371 | D:3      | Noticed Natasha
  1427 | D:3      | Acquired Lugonu's third power
  1432 | D:3      | Reached skill level 1 in Short Blades
  1432 | D:3      | Reached skill level 1 in Stealth
  1447 | D:3      | Reached XP level 5. HP: 38/44 MP: 3/6
  1569 | D:3      | Killed Natasha
  1957 | D:3      | Noticed Natasha
  1960 | D:3      | Killed Natasha
  2220 | D:3      | Found a shattered altar of Ashenzari.
  2691 | D:4      | Found Hasihyud's Food Emporium.
  2839 | D:4      | Gained mutation: You have sharp toenails. [demonic ancestry]
  2839 | D:4      | Reached XP level 6. HP: 20/51 MP: 1/7
  3330 | D:5      | Entered Level 5 of the Dungeon
  3354 | D:5      | Found a sparkling altar of Nemelex Xobeh.
  3387 | D:5      | Slain by an ice beast

Vault maps used:
D:1:      dpeg_arrival_tiny_g, minmay_lizard_king
D:2:      ecumenical_altar_1, uniq_terence
D:3:      evilmike_ruin_ashenzari, serial_co_window_serial, co_window_paths_a,
          co_window_of_opportunity_a, co_window_paths_a,
          co_window_of_opportunity_a, co_window_paths_b,
          co_window_of_opportunity_a, co_window_paths_a, co_window_broadway_c,
          co_window_corner_b, co_window_2corner, co_window_of_opportunity_b,
          glass_columns_a, glass_columns_a, glass_columns_a, first_bread,
          uniq_natasha
D:4:      serial_shops, nicolae_shop_trees
D:5:      serial_shops, shop, nemelex_deck
Abyss:1:  evilmike_abyss_exit_kraken

Action                   |  1- 3 |  4- 6 || total
-------------------------+-------+-------++-------
Melee: Falchion          |   126 |       ||   126
       Dagger            |    14 |   175 ||   189
  Use: Potion            |     2 |       ||     2
       Scroll            |       |     5 ||     5
 Stab: Sleeping          |       |     7 ||     7
       Distracted        |       |     1 ||     1
  Eat: Chunk             |       |     7 ||     7
       Fruit             |       |     2 ||     2
